[Event "*** SCC Grand Prix: Titled Tuesday Blitz"]
[Site "Chess.com"]
[Date "2020.08.11"]
[Round "7"]
[White "crescentmoon2411"]
[Black "Ind1anStar"]
[Result "1-0"]
[WhiteElo "2743"]
[BlackElo "2518"]
[TimeControl "180+1"]
[EndTime "11:17:46 PDT"]
[Termination "crescentmoon2411 won on time"]

1. c4 e6 2. Nc3 d5 3. d4 Be7 4.
cxd5 exd5 5. Bf4 Nf6 6. e3 O-O 7. Bd3 c6 8. h3 Nbd7 9. Nf3 Re8 10. Qc2 Nf8 11. O-O Ng6 12. Bg3 Bd6 13. Bxd6 Qxd6 14.
Rab1 Bd7 15. b4 a6 16. a4 Rac8 17. Rfc1 b5 18. Bf5 Ne7 19. Bxd7 Nxd7 20. a5 Qf6 21. e4 dxe4 22. Nxe4 Qg6 23. Ne5 Nxe5 24. dxe5 Nf5 25.
Nc5 Rxe5 26. Re1 Rce8 27. Rxe5 Rxe5 28. Nxa6 h6 29. Nc5 Kh7 30. a6 Re8 31. g4 Nd6 32. Qxg6+ Kxg6 33. Rd1 Nc4 34. Kg2 f6 35. Rd7 Re2 36.
a7 Ra2 37. Ne6 1-0

[Event "*** SCC Grand Prix: Titled Tuesday Blitz"]
[Site "Chess.com"]
[Date "2020.08.11"]
[Round "7"]
[White "gurelediz"]
[Black "Terao90"]
[Result "1-0"]
[WhiteElo "2548"]
[BlackElo "2335"]
[TimeControl "180+1"]
[EndTime "11:17:46 PDT"]
[Termination "gurelediz won by resignation"]

1. e4 c5 2. Nf3 Nc6 3. d4 cxd4 4.
Nxd4 g6 5. c4 Nf6 6. Nc3 d6 7.
Be2 Nxd4 8. Qxd4 Bg7 9. Be3 O-O 10. Qd2 a5 11. f3 a4 12. O-O Qa5 13. Rac1 Be6 14. Nb5 Qxd2 15. Bxd2 Nd7 16. Bc3 Rfc8 17. b3 axb3 18. axb3 Ra2 19. Bxg7 Kxg7 20. Nc3 Ra3 21. b4 Rb3 22. Nd5 Bxd5 23. cxd5 Rxc1 24. Rxc1 Rxb4 25. Rc7 Nc5 26. Rxe7 Kf6 27. Rc7 Rb2 28. Kf2 b5 29. Ke3 b4 30. f4 Nxe4 31. Bb5 Nc3 32. Bc6 b3 33. Kd3 Rc2 34. Be8 Kg7 35. Rxc3 Rxg2 36. Rxb3 Rxh2 37. Rb7 Rf2 38. Rxf7+ Kg8 39. Rf6 Kg7 40.
Rxd6 Rxf4 41. Re6 g5 42. d6 1-0

[Event "*** SCC Grand Prix: Titled Tuesday Blitz"]
[Site "Chess.com"]
[Date "2020.08.11"]
[Round "7"]
[White "elcandado"]
[Black "Khazieva_Elza"]
[Result "1-0"]
[WhiteElo "2551"]
[BlackElo "2340"]
[TimeControl "180+1"]
[EndTime "11:17:48 PDT"]
[Termination "elcandado won on time"]

1. d4 Nf6 2. Bf4 d6 3. e3 Bf5 4. Be2 c6 5. Nf3 h6 6. h3 Nbd7 7. O-O e6 8. c4 Be7 9. Nc3 O-O 10.
Bh2 a6 11. b4 Ne4 12. Nxe4 Bxe4 13. c5 Nf6 14. Rc1 Nd5 15. Qb3 Qd7 16. Nd2 Bh7 17.
Nc4 e5 18. Bf3 dxc5 19. bxc5 e4 20. Be2 Bd8 21. Rb1 Ra7 22. Rfc1 Bc7 23. Bxc7 Qxc7 24.
Nb6 Rd8 25. Nxd5 Rxd5 26. Qb6 Qxb6 27. Rxb6 Bf5 28. Rcb1 Bc8 29. f3 f5 30. fxe4 fxe4 31.
Rf1 Rg5 32. Kh2 a5 33. Rf4 Bf5 34. h4 Rg4 35. Bxg4 1-0

[Event "*** SCC Grand Prix: Titled Tuesday Blitz"]
[Site "Chess.com"]
[Date "2020.08.11"]
[Round "7"]
[White "zala02"]
[Black "MarceloPlaya"]
[Result "0-1"]
[WhiteElo "2195"]
[BlackElo "2340"]
[TimeControl "180+1"]
[EndTime "11:17:48 PDT"]
[Termination "MarceloPlaya won by resignation"]

1. d4 e6 2. c4 Nf6 3. Nc3 Bb4 4.
e3 O-O 5. Ne2 d6 6. a3 Bxc3+ 7.
Nxc3 e5 8. Be2 Nc6 9. O-O Bf5 10. b4 Re8 11. Bb2 Ne4 12. f4 exd4 13. exd4 Qf6 14.
Bf3 Nxd4 15. Bxe4 Bxe4 16. Nxe4 Rxe4 17. Qd3 Rae8 18. Kh1 c5 19. bxc5 dxc5 20. Rab1 b6 21. a4 Rxf4 22. Rxf4 Qxf4 23. Rf1 Qe3 24. Qd1 Qe2 25.
Bxd4 cxd4 26. Kg1 Qxd1 27. Rxd1 Rd8 28. Kf2 Kf8 29. Kf3 d3 30. Ke3 d2 31. Rxd2 Rxd2 32. Kxd2 Ke7 33. Ke3 Kd6 34. Kd4 f6 35. g4 g6 36. h4 h6 37. a5 bxa5 38. c5+ Kc6 39.
Kc4 a4 0-1

[Event "*** SCC Grand Prix: Titled Tuesday Blitz"]
[Site "Chess.com"]
[Date "2020.08.11"]
[Round "7"]
[White "tptagain"]
[Black "sodastream007"]
[Result "1-0"]
[WhiteElo "2906"]
[BlackElo "2239"]
[TimeControl "180+1"]
[EndTime "11:17:50 PDT"]
[Termination "tptagain won by checkmate"]

1. Nf3 Nf6 2. c4 c6 3. Nc3 d5 4. e3 e6 5. b3 Bd6 6. Bb2 e5 7. cxd5 cxd5 8. Nb5 Nc6 9. Nxd6+ Qxd6 10. Bb5 e4 11.
Nd4 Bd7 12. Nxc6 bxc6 13. Be2 h5 14. d3 Bf5 15. Rc1 Rc8 16. h3 O-O 17. O-O h4 18.
Re1 Qe6 19. Bf1 Rfd8 20. Bd4 Rd7 21. b4 a6 22. a3 Ra8 23. Qb3 Rc7 24. Red1 exd3 25.
Bxd3 Be4 26. Bxf6 gxf6 27. Bxe4 Qxe4 28. Rd4 Qe5 29. Rxh4 Rcc8 30. Qd3 Kf8 31. Rh8+ Ke7 32. Rxc8 Rxc8 33. Qxa6 Qe6 34. a4 f5 35. Qa7+ Kd6 36.
b5 cxb5 37. Qa6+ Kd7 38. Qxc8+ Ke7 39. Rc7+ Kf6 40. Rc6 Ke5 41. Rxe6+ fxe6 42. f4+ Ke4 43. Qc3 e5 44. fxe5 b4 45. Qd4# 1-0

[Event "*** SCC Grand Prix: Titled Tuesday Blitz"]
[Site "Chess.com"]
[Date "2020.08.11"]
[Round "7"]
[White "awesomevishesh"]
[Black "TargetA"]
[Result "0-1"]
[WhiteElo "2384"]
[BlackElo "2593"]
[TimeControl "180+1"]
[EndTime "11:17:50 PDT"]
[Termination "TargetA won on time"]

1. e4 e5 2. Nf3 Nc6 3. Bb5 a6 4. Ba4 Bc5 5. O-O Nf6 6. c3 b5 7. Bb3 d6 8. a4 Bg4 9. h3 Bxf3 10. Qxf3 O-O 11. Qe2 Na5 12. Bc2 b4 13. d3 Rb8 14.
Nd2 Re8 15. Kh1 d5 16. exd5 bxc3 17. bxc3 Nxd5 18. Ne4 Bf8 19. Qf3 Qd7 20. d4 g6 21.
dxe5 Rxe5 22. Rd1 Bg7 23. Bf4 Rf5 24. Nc5 Rxf4 25. Nxd7 Rxf3 26. Nxb8 Rxf2 27. Rxd5 Bxc3 28. Rc1 Bb2 29. Rcd1 Nc4 30. Bb3 Ne3 31. Rd8+ Kg7 32. Rg1 Nf5 0-1

[Event "*** SCC Grand Prix: Titled Tuesday Blitz"]
[Site "Chess.com"]
[Date "2020.08.11"]
[Round "7"]
[White "laboratorio25"]
[Black "LubovMarkelova"]
[Result "1-0"]
[WhiteElo "2432"]
[BlackElo "2272"]
[TimeControl "180+1"]
[EndTime "11:17:51 PDT"]
[Termination "laboratorio25 won by checkmate"]

1. e4 e5 2. Nf3 Nc6 3. Bb5 a6 4. Ba4 Nf6 5. O-O b5 6. Bb3 Bc5 7. d3 d6 8. Nc3 O-O 9. Bg5 h6 10. Bh4 Bg4 11. h3 Bh5 12. g4 Bg6 13. Bd5 Qd7 14. Bxf6 gxf6 15. Nh4 Kg7 16. Kh1 Rae8 17. Bxc6 Qxc6 18. Nd5 Rh8 19. Qf3 Re6 20. Nf5+ Kf8 21. Rg1 Qd7 22. Ng3 Qd8 23. Nh5 Bxh5 24. gxh5 c6 25.
Ne3 Bxe3 26. fxe3 f5 27. exf5 Rf6 28. e4 d5 29. Rad1 Rd6 30. Qg4 Qf6 31. Rde1 d4 32. Rg2 Ke7 33. Reg1 c5 34. Qe2 Qh4 35. Kh2 c4 36. Rg4 Qxh5 37. dxc4 Rc8 38. cxb5 axb5 39. R1g2 d3 40. cxd3 Rd4 41. Qd1 Rcd8 42. R2g3 Rc8 43.
f6+ Kxf6 44. Rf3+ Ke6 45. Qb3+ Ke7 46. Rf2 Rcd8 47. Qxb5 R8d7 48. Qc5+ Ke8 49. Rg8# 1-0

[Event "*** SCC Grand Prix: Titled Tuesday Blitz"]
[Site "Chess.com"]
[Date "2020.08.11"]
[Round "7"]
[White "szachuspl"]
[Black "PauloCesarCosta_sad"]
[Result "1-0"]
[WhiteElo "2514"]
[BlackElo "2250"]
[TimeControl "180+1"]
[EndTime "11:17:51 PDT"]
[Termination "szachuspl won on time"]

1. d4 d5 2. c4 c6 3. e3 e6 4. Nf3 f5 5. Bd3 Nf6 6. O-O Bd6 7. Nc3 O-O 8. Rb1 b6 9. b4 Bb7 10. c5 Bc7 11. a4 Ne4 12. Qc2 Nd7 13. Ba3 Qf6 14.
b5 Rfc8 15. bxc6 Bxc6 16. Ba6 Rd8 17. Bb5 Nxc3 18. Qxc3 Bxb5 19. axb5 bxc5 20. Bxc5 Nxc5 21. Qxc5 Bd6 22. Qc6 Rab8 23. Rfc1 Rb6 24. Qc2 Rdb8 25. Qa4 a6 26. Ra1 axb5 27. Qb3 h6 28. Ra7 R6b7 29. Ra6 Rb6 30. Ra5 b4 31. g3 Qe7 32. Kg2 Kh7 33. Ne1 Qb7 34. Nd3 Rb5 35. Ra2 Rc8 36. Rac2 Rxc2 37. Rxc2 Rb6 38. Nc5 Bxc5 39. Rxc5 Rb5 40.
Rc2 Rb6 41. h4 Rb5 42. Rb2 Qb6 43. h5 Qb7 44. Qc2 Rb6 45. g4 Qc6 46. Qxc6 Rxc6 47. gxf5 exf5 48. Rxb4 g6 49. Rb7+ Kg8 50. Rd7 gxh5 51.
Rxd5 Rf6 52. Kh3 Kf7 53. Kh4 Kg6 54. Re5 Rd6 55. Re8 Rf6 56. Rg8+ Kh7 57. Rd8 f4 58. e4 f3 59. e5 Rf4+ 60. Kg3 Rf5 61. e6 Kg7 62. e7 Rg5+ 63. Kh3 Rg3+ 64. Kxg3 h4+ 65. Kxf3 Kf7 66. e8=Q+ Kf6 67. Rd6+ 1-0

[Event "*** SCC Grand Prix: Titled Tuesday Blitz"]
[Site "Chess.com"]
[Date "2020.08.11"]
[Round "7"]
[White "peixe64"]
[Black "vrekhson"]
[Result "1-0"]
[WhiteElo "2308"]
[BlackElo "2150"]
[TimeControl "180+1"]
[EndTime "11:17:51 PDT"]
[Termination "peixe64 won on time"]

1. e4 c5 2. Nf3 a6 3. c4 Nc6 4.
d4 cxd4 5. Nxd4 Nf6 6. Nc3 e5 7.
Nc2 Bc5 8. Be3 Bxe3 9. Nxe3 d6 10. Be2 Nd4 11. O-O O-O 12. Kh1 Be6 13. f4 Rc8 14. f5 Bd7 15. g4 h6 16. Rg1 Bc6 17.
Ned5 Bxd5 18. exd5 Nh7 19. Qd3 Ng5 20. Raf1 f6 21.
h4 Nf7 22. Ne4 Qb6 23. b3 a5 24. Bd1 a4 25. bxa4 Qa6 26. Bb3 Rfd8 27. Rg2 Kf8 28. g5 hxg5 29. hxg5 Ke7 30. gxf6+ gxf6 31. Rg7 Rh8+ 32.
Kg1 Rcg8 33. Rxg8 Rxg8+ 34. Kf2 Qa7 35. c5 Rg4 36. Rg1 Rf4+ 37. Kg2 Qa5 38. Qc3 1-0

[Event "*** SCC Grand Prix: Titled Tuesday Blitz"]
[Site "Chess.com"]
[Date "2020.08.11"]
[Round "7"]
[White "midedu"]
[Black "marianokar"]
[Result "0-1"]
[WhiteElo "2127"]
[BlackElo "2428"]
[TimeControl "180+1"]
[EndTime "11:17:51 PDT"]
[Termination "marianokar won by resignation"]

1. e4 d5 2. exd5 Qxd5 3. Nc3 Qe5+ 4. Be2 c6 5. Nf3 Qc7 6. d4 Bf5 7. O-O e6 8. Bg5 Nd7 9. Qd2 Ngf6 10. Rfe1 Bd6 11. Bh4 O-O-O 12. Bg3 Nb6 13. Rac1 Kb8 14. Red1 h5 15. Bxd6 Qxd6 16. Qg5 Rh6 17. Ne5 Qf8 18. Qh4 Qg8 19. Nf3 Ka8 20. a4 g5 21. Nxg5 Rg6 22.
f4 Nbd5 23. Nxd5 exd5 24. Bf3 Re8 25. c4 dxc4 26. Rxc4 Nd5 27. Rc5 f6 28. Nh3 Ne3 29. Rd2 Bg4 30. f5 Rg7 31. Qf2 Bxf3 32. Qxf3 Ng4 33. d5 Re1+ 34. Qf1 Rxf1+ 35. Kxf1 Rd7 36. d6 Qd8 37. Nf4 Rxd6 38. Rxd6 Qxd6 39. Rc3 a6 0-1

[Event "*** SCC Grand Prix: Titled Tuesday Blitz"]
[Site "Chess.com"]
[Date "2020.08.11"]
[Round "7"]
[White "Monmoransy"]
[Black "Resignify"]
[Result "1-0"]
[WhiteElo "2649"]
[BlackElo "2199"]
[TimeControl "180+1"]
[EndTime "11:17:52 PDT"]
[Termination "Monmoransy won on time"]

1. e4 d6 2. d4 Nf6 3. Nc3 g6 4. g3 Bg7 5. Bg2 O-O 6. Nge2 e5 7. O-O Nc6 8. dxe5 dxe5 9. Bg5 h6 10. Qxd8 Rxd8 11. Bxf6 Bxf6 12. Nd5 Kg7 13. Nxc7 Rb8 14. Nd5 Be6 15. c3 Be7 16. Nxe7 Nxe7 17. Rfd1 Rxd1+ 18. Rxd1 Bxa2 19. Rd7 Kf8 20. Nc1 Be6 21. Rd6 Ke8 22.
f4 Nc6 23. Kf2 Rd8 24. Rxd8+ Kxd8 25. Ke3 f6 26. Nd3 b6 27. h4 Ke7 28. Bf3 h5 29.
Bd1 Na5 30. fxe5 Nc4+ 31. Kd4 fxe5+ 32. Nxe5 Nxb2 33. Nxg6+ Kf6 34. Bxh5 Bf7 35. e5+ Kg7 36. Nf4 a5 37. e6 Bxh5 38. Nxh5+ Kf8 39. Ke5 Ke7 40.
Nf4 Nc4+ 41. Kd4 Nd6 42. Nd5+ Kxe6 43. Nxb6 Nf5+ 44. Ke4 Nxg3+ 45. Kf4 Ne2+ 46. Kg5 Nxc3 47. h5 Ne4+ 48. Kg6 Nf6 49. h6 Ke7 50. Nd5+ 1-0

[Event "*** SCC Grand Prix: Titled Tuesday Blitz"]
[Site "Chess.com"]
[Date "2020.08.11"]
[Round "7"]
[White "Artyom_ChessMate"]
[Black "seorobert1971"]
[Result "0-1"]
[WhiteElo "2561"]
[BlackElo "2735"]
[TimeControl "180+1"]
[EndTime "11:17:53 PDT"]
[Termination "seorobert1971 won by resignation"]

1. e4 c6 2. d4 d5 3. exd5 cxd5 4. Bd3 Nc6 5. c3 g6 6. Nf3 Bf5 7. Bf4 Bxd3 8. Qxd3 Bg7 9. O-O Nf6 10. Na3 O-O 11. Nc2 Ne4 12. Nce1 e6 13. Qe2 Rc8 14.
Nd3 Re8 15. h3 f6 16. Bh2 e5 17. dxe5 fxe5 18. Rab1 Qe7 19. Rbd1 Rcd8 20. Rfe1 b5 21.
Ndxe5 Nxe5 22. Nxe5 Bxe5 23. Bxe5 Qxe5 24. f3 Nxc3 25. Qxe5 Rxe5 26. bxc3 Rxe1+ 27. Rxe1 Kf7 28. Rb1 a6 29. a4 bxa4 30. Ra1 a5 31. Rxa4 Ra8 32.
Kf2 Ke6 33. Ke3 Kd6 34. Kd4 Kc6 35. c4 dxc4 36. Kxc4 Kb6 37. Ra2 a4 38. Kb4 a3 39.
Rxa3 Rxa3 40. Kxa3 Kc5 41. f4 Kd4 42. g4 Ke4 43. f5 gxf5 44. gxf5 Kxf5 45. Kb3 Kf4 46. Kc2 Kg3 47. h4 Kxh4 48. Kd2 Kg3 49. Ke2 Kg2 50. Ke3 h5 51. Kf4 h4 0-1

[Event "*** SCC Grand Prix: Titled Tuesday Blitz"]
[Site "Chess.com"]
[Date "2020.08.11"]
[Round "7"]
[White "Barmen_EV"]
[Black "Heineccius"]
[Result "0-1"]
[WhiteElo "2411"]
[BlackElo "2589"]
[TimeControl "180+1"]
[EndTime "11:17:53 PDT"]
[Termination "Heineccius won by checkmate"]

1. d4 Nf6 2. c4 e6 3. Nc3 Bb4 4. e3 O-O 5. a3 Bxc3+ 6. bxc3 b6 7. Bd3 c5 8. Ne2 Nc6 9. e4 Ne8 10. f4 f5 11. e5 Ba6 12. d5 Na5 13. d6 Bxc4 14. Bxc4 Nxc4 15. Qd3 b5 16. a4 a6 17. O-O g6 18. Be3 Nb2 19. Qc2 Nxa4 20. c4 Ng7 21. Rfb1 Qa5 22. Bxc5 Rfc8 23. Bb4 Qb6+ 24. Kh1 Rxc4 25.
Qd1 Rac8 26. Bd2 Qc6 27. Qe1 Rc2 28. Nd4 Qd5 29. Nxc2 Rxc2 30. Rc1 Qxd2 31. Rxc2 Qxc2 32. Rc1 Qb2 33. Rc8+ Kf7 34. h3 g5 35. Qg3 h6 36.
fxg5 hxg5 37. Qxg5 Qa1+ 38. Rc1 Qxe5 39. Qe7+ Kg6 40.
Qxd7 Nh5 41. Qa7 Ng3+ 42. Kg1 Ne2+ 43. Kf2 Nxc1 44. d7 Nd3+ 45. Kf3 Qe4+ 46. Kg3 Qf4# 0-1

[Event "*** SCC Grand Prix: Titled Tuesday Blitz"]
[Site "Chess.com"]
[Date "2020.08.11"]
[Round "7"]
[White "MYMChessAcademy"]
[Black "zajka-molotok"]
[Result "0-1"]
[WhiteElo "2126"]
[BlackElo "2366"]
[TimeControl "180+1"]
[EndTime "11:17:53 PDT"]
[Termination "zajka-molotok won by checkmate"]

1. e4 c6 2. d4 d5 3. e5 Bf5 4. h4 h5 5. Bd3 Bxd3 6. Qxd3 e6 7.
Bg5 Qb6 8. Nc3 c5 9. Qb5+ Nc6 10.
Qxb6 axb6 11. Nb5 Ra5 12. a4 cxd4 13. Ne2 d3 14. cxd3 Nxe5 15. O-O Bb4 16. Rac1 Nc6 17.
Ned4 Kd7 18. Nxc6 bxc6 19. Nd4 c5 20. Nb5 f6 21. Bf4 e5 22. Bg3 Ne7 23. f4 Nf5 24. Bh2 Ne3 25. Rf3 Bd2 26. Rb1 e4 27. dxe4 dxe4 28.
Rf2 Bb4 29. Re2 Ng4 30. Rd1+ Kc8 31. Bg3 f5 32. Nd6+ Kb8 33. Nxf5 Rxa4 34. Nd6 Rd8 35. f5 Ka8 36. b3 Ra3 37. Rxe4 Rxb3 38. Ra1+ Ba5 39.
Bf4 Rd3 40. Rd4 Rxd4 41. g3 R4xd6 42. Bxd6 Rxd6 43. Kg2 Rd2+ 44. Kf1 Rh2 45. Kg1 Kb7 46.
Rxa5 bxa5 47. Kf1 a4 48. Ke1 a3 49. Kd1 a2 50. Kc1 a1=Q# 0-1

[Event "*** SCC Grand Prix: Titled Tuesday Blitz"]
[Site "Chess.com"]
[Date "2020.08.11"]
[Round "7"]
[White "ethylalcohol"]
[Black "ailime26"]
[Result "1-0"]
[WhiteElo "2188"]
[BlackElo "1894"]
[TimeControl "180+1"]
[EndTime "11:17:53 PDT"]
[Termination "ethylalcohol won on time"]

1. d4 d5 2. Bf4 Bf5 3. e3 e6 4. Bd3 Bxd3 5. Qxd3 c5 6. Nf3 Nf6 7. Ne5 c4 8. Qe2 Bd6 9. O-O O-O 10. Nd2 Nc6 11.
c3 Qc7 12. Nxc6 Qxc6 13. Bg5 Be7 14. e4 dxe4 15. Nxc4 h6 16. Ne5 Qd5 17. Be3 Bd6 18. Nc4 Bc7 19. Bd2 Qf5 20. Ne3 Qg6 21. f4 exf3 22.
Rxf3 Ne4 23. Raf1 Qh5 24. h3 Ng3 25. Qd3 Nxf1 26. Nxf1 Rad8 27. Qe4 e5 28. Rf5 Qg6 29. dxe5 Bb6+ 30. Kh2 Qe6 31. Qg4 Bc7 32. Bf4 Rd5 33.
Qg3 1-0

[Event "*** SCC Grand Prix: Titled Tuesday Blitz"]
[Site "Chess.com"]
[Date "2020.08.11"]
[Round "7"]
[White "sergeikim"]
[Black "AnonymousIM2023"]
[Result "0-1"]
[WhiteElo "2464"]
[BlackElo "2659"]
[TimeControl "180+1"]
[EndTime "11:17:54 PDT"]
[Termination "AnonymousIM2023 won on time"]

1. d4 c5 2. d5 Nf6 3. c4 e6 4. Nc3 exd5 5. cxd5 d6 6. e4 g6 7. Nge2 Bg7 8. Ng3 O-O 9. Be2 Na6 10. O-O Rb8 11.
Bf4 Qe7 12. Qd2 Nc7 13. a4 Nd7 14. Bh6 a6 15. Bxg7 Kxg7 16. f4 f6 17. e5 fxe5 18.
f5 Nf6 19. fxg6 hxg6 20. Qg5 Kh7 21. Qh4+ Kg8 22. Qg5 Qg7 23. Nge4 Nce8 24. Rf3 Bf5 25. Raf1 Nxe4 26. Nxe4 b5 27. axb5 axb5 28. Ng3 Nc7 29. Nxf5 gxf5 30. Qh5 f4 31. Bd3 Nxd5 32. Rh3 Nf6 33.
Qf5 c4 34. Bc2 Rbe8 0-1

[Event "*** SCC Grand Prix: Titled Tuesday Blitz"]
[Site "Chess.com"]
[Date "2020.08.11"]
[Round "7"]
[White "MikeSailer"]
[Black "SanchezKelvin"]
[Result "0-1"]
[WhiteElo "2110"]
[BlackElo "2340"]
[TimeControl "180+1"]
[EndTime "11:17:54 PDT"]
[Termination "SanchezKelvin won on time"]

1. d4 Nf6 2. Bf4 d5 3. e3 c5 4.
Nf3 Nc6 5. Be2 Qb6 6. Nc3 cxd4 7. Nb5 e5 8. Nxe5 g5 9. Nxc6 gxf4 10. Ncxd4 a6 11. Nc3 Qxb2 12. Na4 Bb4+ 13. Kf1 Qa3 14. c3 Bxc3 15. Nxc3 Qxc3 16. Rc1 Qa5 17. exf4 O-O 18. h4 Bd7 19. h5 Ne4 20. h6 Ba4 21. Nb3 Bxb3 22. Qd4 f6 23. axb3 Rac8 24. Ra1 Nd2+ 25. Kg1 Nxb3 26. Qd3 Qxa1+ 27. Kh2 Qb2 28. Qg3+ Kf7 29.
Qg7+ Ke8 30. Bh5+ Kd8 31. Qxf8+ Kc7 32. Qe7+ Kb8 33. Bf3 Qd4 34. Rb1 Qxf4+ 35. Kg1 Nc5 36. Qf7 Rc7 0-1

[Event "*** SCC Grand Prix: Titled Tuesday Blitz"]
[Site "Chess.com"]
[Date "2020.08.11"]
[Round "7"]
[White "xamax2000"]
[Black "Anton_Demchenko"]
[Result "0-1"]
[WhiteElo "2640"]
[BlackElo "2840"]
[TimeControl "180+1"]
[EndTime "11:17:55 PDT"]
[Termination "Anton_Demchenko won on time"]

1. e4 e5 2. Nf3 Nc6 3. Bb5 a6 4. Ba4 Nge7 5. d4 exd4 6. Nxd4 Nxd4 7. Qxd4 Nc6 8. Qe3 Bd6 9. O-O O-O 10. Nc3 Re8 11. f4 b6 12. Kh1 Bb7 13. Rd1 Qh4 14.
Qg3 Qh5 15. Be3 b5 16. Bb3 Ne7 17. a3 Rad8 18. Rd2 a5 19. e5 Nf5 20. Qf2 Be7 21. Bd5 Bh4 22. Qe2 Qxe2 23. Rxe2 c6 24. Bf3 Nxe3 25. Rxe3 d5 26. Rd1 d4 27. Red3 dxc3 28.
bxc3 Kf8 29. Rd7 Rxd7 30. Rxd7 Bc8 31. Rc7 Be6 32. Bxc6 Rc8 33. Rxc8+ Bxc8 34. Bxb5 Be1 35. c4 Bf5 36. Kg1 Bxc2 37. Kf1 Bd2 38. g3 Bd3+ 39.
Kf2 Ke7 40. a4 h5 41. Kf3 g6 42. h3 Bf1 43. h4 Bb4 0-1

[Event "*** SCC Grand Prix: Titled Tuesday Blitz"]
[Site "Chess.com"]
[Date "2020.08.11"]
[Round "7"]
[White "Artur0208"]
[Black "UCantHandleDenker"]
[Result "1-0"]
[WhiteElo "2757"]
[BlackElo "2574"]
[TimeControl "180+1"]
[EndTime "11:17:56 PDT"]
[Termination "Artur0208 won on time"]

1. d4 d6 2. Nf3 Nf6 3. c4 Nbd7 4. Nc3 e5 5. e4 Be7 6. Be2 O-O 7. O-O c6 8. Qc2 a6 9. a4 a5 10. b3 Qc7 11. h3 Re8 12. Be3 exd4 13. Nxd4 g6 14.
Rac1 Bf8 15. Rfe1 Nc5 16. Bf3 Bg7 17. Bf4 Nfd7 18. Rcd1 Ne5 19. Be2 Qb6 20. Be3 Qc7 21.
f4 Ned7 22. Bf3 Na6 23. Bf2 Nb4 24. Qb1 Nc5 25. Rd2 f5 26. exf5 Rxe1+ 27. Qxe1 Bxf5 28. Nxf5 gxf5 29. Bxc5 dxc5 30. Qe6+ Qf7 31. Qxf7+ Kxf7 32. Rd7+ Kg6 33. Ne2 b6 34. g4 Re8 35. gxf5+ Kf6 36. Ng3 Bh6 37. Rd6+ Kg7 38. Nh5+ Kf7 39. Rxh6 Re3 40.
Rxh7+ Kf8 41. Kf2 Rxb3 42. Be4 Rb2+ 43. Kg3 Rb3+ 44. Kg4 Re3 45. Nf6 Na2 46. Bxc6 Nc3 47. Bd5 Nxd5 48. cxd5 c4 49. d6 c3 50. d7 Rd3 51. Kg5 c2 52. Kg6 Rg3+ 53. Ng4 Rd3 54. f6 1-0

[Event "*** SCC Grand Prix: Titled Tuesday Blitz"]
[Site "Chess.com"]
[Date "2020.08.11"]
[Round "7"]
[White "Khvicha_Supatashvili"]
[Black "Chesswizard_2007"]
[Result "1-0"]
[WhiteElo "2711"]
[BlackElo "2502"]
[TimeControl "180+1"]
[EndTime "11:17:56 PDT"]
[Termination "Khvicha_Supatashvili won by resignation"]

1. d4 Nf6 2. Nf3 g6 3. c4 Bg7 4. Nc3 O-O 5. e4 d6 6. Be2 e5 7. O-O Nc6 8. Be3 Re8 9. dxe5 dxe5 10. h3 h6 11. c5 Be6 12. Qa4 Qe7 13. Rfd1 Red8 14.
Bc4 a6 15. Nd5 Bxd5 16. exd5 Nd4 17. Nxd4 exd4 18. Bxd4 Qe4 19. d6 Qf4 20. g3 Qf5 21.
dxc7 Rdc8 22. Bxf6 Bxf6 23. Qd7 Bxb2 24. Rab1 Ba3 25.
Qxf5 gxf5 26. Rd7 Bxc5 27. Rxb7 Kf8 28. Rxf7+ Ke8 29. Be6 Bd6 30. Bxc8 Kxf7 31. Bxf5 Bxc7 32. Rxc7+ Kf6 33. Bg4 Rd8 34. Rc6+ Kg7 35. Rxa6 h5 36.
Bxh5 Rf8 37. Kg2 Kh7 38. Bg6+ Kg7 39. h4 Rd8 40. h5 Rf8 41. g4 Kh8 42. Ra7 Rd8 43.
Be4 Rb8 44. Ra8 Kg7 45. Rxb8 Kh6 46. Kg3 Kg7 47. g5 Kf7 48. h6 Ke7 49. h7 Kd6 1-0

[Event "*** SCC Grand Prix: Titled Tuesday Blitz"]
[Site "Chess.com"]
[Date "2020.08.11"]
[Round "7"]
[White "ItsCheckM8Mate"]
[Black "ThePatrick27"]
[Result "0-1"]
[WhiteElo "2322"]
[BlackElo "2472"]
[TimeControl "180+1"]
[EndTime "11:17:56 PDT"]
[Termination "ThePatrick27 won by resignation"]

1. e4 e5 2. Nf3 Nc6 3. Bb5 a6 4.
Ba4 Nf6 5. O-O Be7 6. Re1 b5 7. Bb3 O-O 8. h3 Bb7 9. c3 d5 10. exd5 Nxd5 11. d3 Bf6 12. Nbd2 Nf4 13. Ne4 Nxd3 14.
Nxf6+ gxf6 15. Bh6 Re8 16. Nd4 Nf4 17. Qg4+ Ng6 18. Nf5 Ne7 19. Rad1 Qc8 20. Bc2 Qe6 21. Nxe7+ Qxe7 22. Rd7 Qe6 23. Bf5 Qc6 24. Red1 Bc8 25.
R7d3 Bxf5 26. Qxf5 Qxg2+ 27. Kxg2 Nh4+ 28. Kh2 Nxf5 29. Rg1+ Kh8 30. Be3 Rg8 31. Rxg8+ Kxg8 32. Rd7 Nxe3 33.
fxe3 Rc8 34. Kg3 Kf8 35. Kg4 Ke8 36. Rd1 Ke7 37. Kf5 Rg8 38. a4 Rg3 39. Ke4 Rxh3 40. axb5 axb5 41. Rd5 c6 42. Rc5 Kd6 43. b4 Rg3 44.
Kf5 Rxe3 45. Kxf6 Rf3+ 46. Kg5 f6+ 0-1

[Event "*** SCC Grand Prix: Titled Tuesday Blitz"]
[Site "Chess.com"]
[Date "2020.08.11"]
[Round "7"]
[White "Goryachkina"]
[Black "kasparicy"]
[Result "1-0"]
[WhiteElo "2562"]
[BlackElo "2343"]
[TimeControl "180+1"]
[EndTime "11:17:56 PDT"]
[Termination "Goryachkina won on time"]

1. e4 c5 2. Nf3 d6 3. c3 Nf6 4. Be2 Nc6 5. d4 cxd4 6. cxd4 Bd7 7. Nc3 e6 8. O-O Rc8 9. h3 Be7 10. e5 Nd5 11. Nxd5 exd5 12. Bf4 Be6 13. Bd3 dxe5 14. dxe5 O-O 15. a3 Qd7 16. Qd2 Rfd8 17. Rfe1 Bf5 18. Rad1 Bxd3 19. Qxd3 Qe6 20. Ng5 Bxg5 21. Bxg5 Rd7 22. f4 g6 23. Bf6 Nd8 24. Kh1 Qf5 25.
Qf3 Ne6 26. Rxd5 Rxd5 27. Qxd5 Nxf4 28. Qxb7 Re8 29. Rf1 g5 30. Qf3 h6 31. b4 Qd7 32.
Rd1 Qa4 33. Kh2 Ng6 34. Rd5 Qc6 35. Qd1 Qe6 36. Rd6 Qf5 37. Qd4 Kh7 38. Rd7 Qe6 39. Rxa7 Nf4 40. Qd7 1-0

[Event "*** SCC Grand Prix: Titled Tuesday Blitz"]
[Site "Chess.com"]
[Date "2020.08.11"]
[Round "7"]
[White "Isajevsky_Anton"]
[Black "OK97"]
[Result "1-0"]
[WhiteElo "2615"]
[BlackElo "2841"]
[TimeControl "180+1"]
[EndTime "11:17:57 PDT"]
[Termination "Isajevsky_Anton won by resignation"]

1. c4 g6 2. g3 Bg7 3. Bg2 d6 4. Nc3 Nf6 5. e4 O-O 6. Nge2 c6 7. O-O a6 8. a4 a5 9. h3 Na6 10. d3 Nb4 11. f4 Nd7 12. Na2 f5 13. exf5 gxf5 14. Nxb4 axb4 15. d4 Nf6 16. b3 Ne4 17. Qd3 d5 18. Be3 Be6 19. c5 Kh8 20. Kh2 Rg8 21. Ng1 Bf6 22. Bf2 Qf8 23. Nf3 Qh6 24. Ne5 Rg7 25. Be1 Rag8 26. Rf3 Qh5 27. a5 Bxe5 28.
fxe5 f4 29. Rxf4 Nxg3 30. Bxg3 Rxg3 31. Qxg3 Rxg3 32. Kxg3 Qg5+ 33. Kf3 Bf5 34. Bh1 Be4+ 35. Ke3 Qg3+ 36. Bf3 Kg7 37. Rg4+ 1-0

[Event "*** SCC Grand Prix: Titled Tuesday Blitz"]
[Site "Chess.com"]
[Date "2020.08.11"]
[Round "7"]
[White "Evgeny81"]
[Black "ChessBitl"]
[Result "0-1"]
[WhiteElo "2689"]
[BlackElo "2443"]
[TimeControl "180+1"]
[EndTime "11:17:57 PDT"]
[Termination "ChessBitl won by resignation"]

1. d4 Nf6 2. Nf3 g6 3. Bg5 Bg7 4.
Nbd2 O-O 5. e3 d6 6. Be2 c5 7.
O-O Nc6 8. c3 Be6 9. h3 cxd4 10.
exd4 Rc8 11. Re1 Qb6 12. Bc4 Nxd4 13. Nxd4 Bxc4 14. Nxc4 Rxc4 15. Qb3 Rc7 16. Qxb6 axb6 17. Rad1 e6 18. Bxf6 Bxf6 19. Nb5 Rd7 20. Rxd6 Rxd6 21.
Nxd6 Rd8 22. Ne4 Be7 23. Kf1 f5 24. Ng3 Kf7 25. Ke2 b5 26. a3 h5 27. Nf1 e5 28. Ne3 Ke6 29. Rd1 Rxd1 30. Kxd1 e4 31. Nc2 Bc5 32. Ke2 Kd5 33. b3 h4 34. f3 Bb6 35. Nb4+ Ke5 36. fxe4 Kxe4 37. Nd3 g5 38. Ne1 g4 39. Nd3 Be3 40. Ne1 Bf4 41. Nc2 Be5 42.
c4 bxc4 43. bxc4 Bd4 44. a4 Ba7 45. a5 Kf4 46. hxg4 fxg4 47. Kf1 Kg3 48. c5 Bxc5 49. Ne1 h3 50. gxh3 gxh3 0-1